 Dungeon Crawl Stone Soup version 0.24-a0-515-gbe7f5e2e8d (console) character file.

Game seed: 16894333355038526478

40767 pentaxis93 the Markscentaur (level 13, 0/122 HPs)
             Began as a Centaur Hunter on July 21, 2019.
             Was a High Priest of Dithmenos.
             Slain by a centaur warrior simulacrum (8 damage)
             ... in a Gauntlet.
             The game lasted 02:21:24 (26525 turns).

pentaxis93 the Markscentaur (Centaur Hunter)       Turns: 26525, Time: 02:21:25

Health: 0/122      AC: 15    Str: 29    XL:     13   Next: 76%
Magic:  13/13      EV: 12    Int: 13    God:    Dithmenos [*****.]
Gold:   1593       SH:  0    Dex: 11    Spells: 12/12 levels left

rFire    x . .     SeeInvis +   b - +7 short sword {freeze, Str+4, @q1}
rCold    + . .     Gourm    .   (no shield)
rNeg     + + .     Faith    .   d - +4 scale mail of Satisfaction {rN++}
rPois    .         Spirit   .   n - +2 hat {SInv}
rElec    .         Reflect  .   (no cloak)
rCorr    .         Harm     .   J - +1 pair of gloves
MR       .....     NoTele   +   (no barding)
Stlth    ..........             s - amulet "Alij" {RegenMP Str+6 Int+3}
HPRegen  0.30/turn              C - ring of ice
MPRegen  0.38/turn              E - +4 ring of evasion

@: wreathed by umbra, very quick
A: large, hooves 3, deformed body, speed 2, tough skin 3
a: Shadow Step, Shadow Form, Renounce Religion


You were in a Gauntlet.
You worshipped Dithmenos.
Dithmenos was extremely pleased with you.
You were not hungry.

You visited 2 branches of the dungeon, and saw 18 of its levels.
You also visited: Gauntlet and Ice Cave.

You collected 1593 gold pieces.


Innate Abilities, Weirdness & Mutations

You have hooves in place of feet.
Armour fits poorly on your strangely shaped body.
You cover ground very quickly.
You have extremely tough skin. (AC +3)


   Skills:
 + Level 13.2 Fighting
 + Level 11.0 Short Blades
 * Level 19.2 Bows
 - Level 3.3 Armour
 - Level 1.3 Dodging
 - Level 0.4 Stealth


You had 12 spell levels left.
You didn't know any spells.
Your spell library contained the following spells:

 Spells                   Type           Power        Failure   Level  Hunger
 Animate Skeleton         Necr           N/A          54%         1    ##.....
 Apportation              Tloc           #.....       54%         1    ##.....
 Confusing Touch          Hex            #.....       54%         1    ##.....
 Shock                    Conj/Air       #...         54%         1    ##.....
 Summon Small Mammal      Summ           #...         54%         1    ##.....
 Passwall                 Tmut/Erth      #.......     67%         2    ###....
 Swiftness                Chrm/Air       #.......     67%         2    ###....
 Static Discharge         Conj/Air       #.......     88%         3    ####...
 Airstrike                Air            #.........   99%         4    #####..
 Lightning Bolt           Conj/Air       #.........   100%        5    ######.
 Conjure Ball Lightning   Conj/Air       #.........   100%        6    #######
 Freezing Cloud           Conj/Ice/Air   #.........   100%        6    #######

Inventory:

Hand Weapons
 a - a +0 longbow
 b - the +7 short sword "Grim" (weapon) {freeze, Str+4, @q1}
   (You found it on level 4 of the Dungeon)

   It has been specially enchanted to freeze those struck by it, causing extra
   injury to most foes and up to half again as much damage against particularly
   susceptible opponents.
   It can also slow down cold-blooded creatures.
   It affects your strength (+4).
Missiles
 l - 2 throwing nets {=f}
 D - 291 arrows
Armour
 c - the +1 helmet of the Eight People {*Corrode rN+++ MR+ Str+4}
   (You found it on level 6 of the Dungeon)

   It affects your strength (+4).
   It renders you almost immune to negative energy.
   It affects your resistance to hostile enchantments.
   It may corrode you when you take damage.
 d - the +4 scale mail of Satisfaction (worn) {rN++}
   (You found it on level 2 of the Lair of Beasts)

   It greatly protects you from negative energy.
 n - a +2 hat of see invisible (worn)
 J - a +1 pair of gloves (worn)
Jewellery
 s - the amulet "Alij" (around neck) {RegenMP Str+6 Int+3}
   (You found it on level 11 of the Dungeon)

   [amulet of magic regeneration]

   It increases your magic regeneration.
   It affects your strength (+6).
   It affects your intelligence (+3).
 C - a ring of ice (left hand)
 E - a +4 ring of evasion (right hand)
 F - an uncursed ring of protection from fire
 M - an uncursed ring of protection from magic
 O - a +2 ring of protection
 R - an uncursed ring of resist corrosion
Wands
 e - a wand of polymorph (23)
 y - a wand of flame (28)
 H - a wand of iceblast (38)
 I - a wand of digging (6)
 L - a wand of acid (10)
 P - a wand of scattershot (9)
Scrolls
 g - 2 scrolls of random uselessness {unknown}
 h - 8 scrolls of remove curse {@r2}
 j - 2 scrolls of enchant armour
 k - 2 scrolls of identify {@r1}
 o - 7 scrolls of teleportation {@r4}
 p - a scroll of holy word {unknown}
 v - a scroll of acquirement {unknown}
 w - 2 scrolls of amnesia {unknown}
 x - 2 scrolls of magic mapping
 A - 6 scrolls of fog
 G - 5 scrolls of fear
 K - a scroll of immolation {unknown}
 W - 2 scrolls of blinking
 Z - 4 scrolls of enchant weapon
Potions
 m - a potion of degeneration {unknown}
 q - 4 potions of lignification {!q}
 r - 6 potions of curing {@q1}
 t - a potion of might {unknown}
 u - a potion of berserk rage {unknown}
 z - 3 potions of mutation {!q}
 N - 3 potions of cancellation
 Q - 3 potions of ambrosia {unknown}
 S - 3 potions of flight
 U - 2 potions of agility
 V - 4 potions of haste {@q3}
 X - 3 potions of heal wounds {@q2}
 Y - 2 potions of resistance
Miscellaneous
 T - a box of beasts
Comestibles
 f - 40 rations {@e1}
 B - 8 chunks of flesh

Dungeon Overview and Level Annotations

Branches:
Dungeon (13/15)            Temple (0/1) D:7            Lair (5/6) D:8
  Swamp (0/4) Lair:2       Spider (0/4) Lair:4          Orc (0/2) D:10
  Slime: Lair:5-6    Vaults: D:13-14

Altars:
Dithmenos
Fedhas
Kikubaaqudgha
Ru
Sif Muna
Trog
Vehumet
Xom
Zin
Beogh

Portals:
Trove: D:11 (give 9 potions of haste)

Annotations:
Gauntlet 13 transporters, 4 runed translucent doors

.▒.▒..▓...▓.y▒.▒ZZ▓.©.▓..▒.▒8▒
.▒.▒.▓.....▓y▒.▒@..▓.▓...▒.▒▒▒
.▒.▒▓.......▓▒.▒....▒....▒.▒
▒▒▒▒▒▒▒▒▒▒▒▒▒▒▒▒▒▒▒▒▒▒▒▒▒▒.▒▒▒
........©...........©▒.....▒8▒
▒▒▒▒▒▒▒▒.▒▒▒▒▒▒▒▒▒▒▒▒▒....≈▒▒▒
©▒≈≈8≈§▒.▒..............▒▒▒▒
▒▒▒▒▒▒▒▒.▒..............▒8▒
.......▒.▒..▒▒▒▒▒▒▒▒▒▒▒▒▒▒▒
.##.##.▒.▒..▒8▒ ▒8▒ ▒8▒
.....).▒.▒..▒▒▒ ▒▒▒ ▒▒▒
##.##..▒.▒..▒ #.©#..©▒©▒..▒▒▒
#÷##.#.▒▒▒..▒8▒
.÷...#.▒....▒▒▒ .##.##.▒....▒
....÷..▒..▒▒▒


You could see 3 meliai, a harpy simulacrum and 3 centaur warrior simulacra.


Message History

D - 281 arrows (gained 2)
You are feeling hungry.
D - 286 arrows (gained 5)
D - 287 arrows (gained 1)
You see here a wolf corpse.
D - 291 arrows (gained 4)
You see here a wolf corpse.
You see here a wolf corpse.
You butcher the wolf corpse.
B - 13 chunks of flesh (gained 2)
You see here a wolf skeleton.
You see here a wolf corpse.
You butcher the wolf corpse.
B - 15 chunks of flesh (gained 2)
You see here a wolf skeleton.
You start resting.
Eating one of 15 chunks of flesh.
You eat one of the 15 chunks of flesh.
This raw flesh tastes terrible.
Some of the chunks of flesh in your inventory have rotted away.
HP restored.
Things that are here:
a wolf skeleton x3
Z - 4 scrolls of enchant weapon (gained 1)
You see here an ichor-stained great mace.
You see here an ichor-stained great mace.
i - an ichor-stained great mace You drop an ichor-stained great mace.
There is a transporter here.
You enter the transporter and appear at another place.
Some of the chunks of flesh in your inventory have rotted away.
The meliai buzzes angrily. x2
The meliai buzzes angrily.
There is a transporter here.
There is a transporter here.
You enter the transporter and appear at another place.
The centaur warrior simulacrum hits you but does no damage. x2
The centaur warrior simulacrum hits you.
The centaur warrior simulacrum freezes you!!
The wolf spider simulacrum closely misses you. x2
You puncture the wolf spider simulacrum!
You kick the wolf spider simulacrum, but do no damage.
The wolf spider simulacrum is heavily damaged.
Your shadow hits the wolf spider simulacrum but does no damage.
The wolf spider simulacrum misses you.
The wolf spider simulacrum completely misses you.
You puncture the wolf spider simulacrum!
You kick the wolf spider simulacrum!
The wolf spider simulacrum vapourises!
Dithmenos accepts your kill.
Your Short Blades skill increases to level 11!
The harpy simulacrum closely misses you.
The harpy simulacrum misses you. The harpy simulacrum claws you!
The harpy simulacrum freezes you! The harpy simulacrum claws you!
The harpy simulacrum freezes you!
* * * LOW HITPOINT WARNING * * *
You puncture the centaur warrior simulacrum!
You kick the centaur warrior simulacrum.
The centaur warrior simulacrum is moderately damaged.
Your shadow hits the centaur warrior simulacrum but does no damage.
The harpy simulacrum claws you.
* * * LOW HITPOINT WARNING * * *
The harpy simulacrum freezes you!
* * * LOW HITPOINT WARNING * * *
The harpy simulacrum claws you but does no damage.
Put on which piece of jewellery? (? for menu, Esc to quit)
You're wearing all the rings you can.
Remove which one? (? for menu, Esc to cancel) < or
O - a +2 ring of protection; > or
E - a +4 ring of evasion You remove your +2 ring of protection.
The centaur warrior simulacrum hits you but does no damage.
The harpy simulacrum closely misses you.
The harpy simulacrum claws you.
* * * LOW HITPOINT WARNING * * *
The harpy simulacrum freezes you!
* * * LOW HITPOINT WARNING * * *
The centaur warrior simulacrum completely misses you.
You feel more attuned to ice.
C - a ring of ice (left hand)
The harpy simulacrum claws you but does no damage.
The harpy simulacrum claws you.
* * * LOW HITPOINT WARNING * * *
The harpy simulacrum freezes you! You resist.
* * * LOW HITPOINT WARNING * * *
The centaur warrior simulacrum barely misses you.
The centaur warrior simulacrum hits you but does no damage.
You feel much better. The harpy simulacrum misses you.
The harpy simulacrum closely misses you.
The harpy simulacrum barely misses you. x2
The centaur warrior simulacrum hits you but does no damage. x2
The centaur warrior simulacrum hits you but does no damage.
The harpy simulacrum claws you!
* * * LOW HITPOINT WARNING * * *
The harpy simulacrum freezes you! You resist.
* * * LOW HITPOINT WARNING * * *
The harpy simulacrum claws you but does no damage.
The centaur warrior simulacrum hits you but does no damage.
The harpy simulacrum claws you but does no damage. x2
The centaur warrior simulacrum hits you.
* * * LOW HITPOINT WARNING * * *
The centaur warrior simulacrum freezes you!
You resist.
You die...

Skill      XL: |  1  2  3  4  5  6  7  8  9 10 11 12 13 |
---------------+----------------------------------------+-----
Bows           | 6 7 8 9 11 13 14 15 17 19 | 19.2
Fighting       | 3 4 5 7 9 10 11 12 13 | 13.2
Short Blades   | 3 7 8 10 11 | 11.0
Armour         | 3 |  3.3
Dodging        | |  1.3
Stealth        | |  0.4

Action                   |  1- 3 |  4- 6 |  7- 9 | 10-12 | 13-15 || total
-------------------------+-------+-------+-------+-------+-------++-------
Melee: Short sword       |   112 |   122 |   241 |   502 |   167 ||  1144
       Kick              |    19 |    31 |    65 |   199 |    71 ||   385
       Dagger            |       |    47 |       |       |       ||    47
 Fire: Shortbow          |    17 |    83 |   104 |   399 |       ||   603
       Longbow           |       |       |       |    41 |   152 ||   193
Throw: Dart              |       |       |       |     2 |       ||     2
  Use: Potion            |     2 |       |       |     1 |     2 ||     5
       Scroll            |       |     4 |     3 |     9 |     7 ||    23
 Stab: Held in net/web   |       |       |       |       |     1 ||     1
  Eat: Chunk             |     2 |    10 |    13 |    26 |    11 ||    62
       Ration            |       |       |       |     1 |       ||     1
Armor: Leather armour    |    10 |       |       |    49 |       ||    59
       Ring mail         |    16 |       |       |       |       ||    16
       Scale mail        |    28 |    80 |    95 |    91 |    60 ||   354
       Skin              |       |       |       |     1 |       ||     1
Dodge: Dodged            |    29 |    61 |    70 |   183 |    99 ||   442

Levels and vault maps discovered:
D:1:      dpeg_arrival_houses_and_road, layout_basic, minmay_misc_feat_tower
D:2:      layout_basic, grunt_temple_overflow_order_and_chaos_1,
          kiku_gazebo_pond_becter, nicolae_dithmenos_shadow_blocks,
          chequers_ecumenical_altar_simple_redux, serial_curves, eino_curves_01,
          eino_curves_01
D:3:      layout_basic, grunt_temple_overflow_open,
          nicolae_overflow_hidden_temple, first_ration, chequers_arboretum
D:4:      layout_loops_ring
D:5:      layout_loops_ring, eino_small_chamber_without_monster,
          grunt_ministairs_9
D:6:      layout_basic
D:7:      layout_rooms, fedhas_altar_3, minmay_temple_entry_junction,
          the_bakery, minmay_misc_feat_ornament, minmay_stone_trees_small,
          hex_intersection, lightli_church_of_beogh, uniq_pikel
D:8:      layout_cave_pools, grunt_lair_entry_orc_guard_hut, uniq_harold
D:9:      layout_irregular_city, basic_altar, lightli_fourway_metalbox
D:10:     layout_basic
D:11:     layout_irregular_city, basic_altar, nicolae_trove_entry_columns,
          uniq_psyche
D:12:     minmay_two_paths, layout_loops_corners
D:13:     layout_stronghold, david_vaults_2
Lair:1:   layout_cave_pods, chequers_serial_rivers_micro_e, uniq_grum
Lair:2:   beast_lair_carwin_large_1, layout_gridlike, minmay_swamp_entry_worms,
          lightli_volcano_entry_magma_tube
Lair:3:   layout_roguey, portal_ice_cave_rime, hangedman_lair_generics_rect,
          uniq_gastronok
Lair:4:   layout_cave_pods, spider_nest_entry_webs, small_statue_intersection,
          wad_woods_river_01
Lair:5:   layout_hall_layers, gauntlet_entry_generic, ice2_lemuel
Gauntlet: gammafunk_gauntlet_one_two_three
          [minmay_gauntlet_arena_make_your_own_arena,
          gammafunk_gauntlet_arena_split_x, nicolae_gauntlet_arena_grate_2,
          gammafunk_gauntlet_arena_corners, gammafunk_gauntlet_arena_crates,
          gammafunk_gauntlet_arena_split_diamond,
          gammafunk_gauntlet_arena_teeth, nicolae_gauntlet_arena_x,
          gammafunk_gauntlet_arena_arrow_garden,
          nicolae_gauntlet_exit_dead_adventurers]

Notes
Turn   | Place    | Note
-------+----------+-------------------------------------------
     0 | D:1      | pentaxis93 the Centaur Hunter began the quest for the Orb.
     0 | D:1      | Reached XP level 1. HP: 17/17 MP: 1/1
   266 | D:1      | Reached XP level 2. HP: 21/24 MP: 2/2
   649 | D:1      | Reached skill level 6 in Bows
  1106 | D:1      | Reached XP level 3. HP: 25/30 MP: 3/3
  2078 | D:2      | Found a faded altar of an unknown god.
  2123 | D:2      | Found a shadowy altar of Dithmenos.
  2141 | D:2      | Became a worshipper of Dithmenos the Shadowed
  2151 | D:2      | Found a glowing silver altar of Zin.
  2152 | D:2      | Noticed an angel
  2155 | D:2      | Found a shimmering altar of Xom.
  2225 | D:2      | Reached XP level 4. HP: 37/37 MP: 4/4
  2291 | D:2      | Reached skill level 3 in Fighting
  2306 | D:2      | Reached skill level 7 in Bows
  2901 | D:2      | Found an ancient bone altar of Kikubaaqudgha.
  3307 | D:3      | Found a sacrificial altar of Ru.
  3335 | D:3      | Found a deep blue altar of Sif Muna.
  3457 | D:3      | Found a radiant altar of Vehumet.
  3566 | D:3      | Reached * piety under Dithmenos
  3985 | D:3      | Reached XP level 5. HP: 45/45 MP: 5/5
  4265 | D:3      | Reached skill level 8 in Bows
  4662 | D:4      | Noticed an ogre
  4745 | D:4      | Reached XP level 6. HP: 35/52 MP: 6/6
  4909 | D:4      | Got a bloodstained short sword {@q1}
  4933 | D:4      | Reached skill level 4 in Fighting
  4950 | D:4      | HP: 2/52 [orc wizard/magic dart (4)]
  4954 | D:4      | Reached skill level 9 in Bows
  5255 | D:4      | Identified the +7 short sword "Grim" {freeze, Str+4, @q1}
                  | (You found it on level 4 of the Dungeon)
  5706 | D:4      | Reached XP level 7. HP: 60/60 MP: 7/7
  5867 | D:4      | Reached skill level 10 in Bows
  6016 | D:4      | Reached skill level 5 in Fighting
  6180 | D:5      | Entered Level 5 of the Dungeon
  6401 | D:5      | Reached ** piety under Dithmenos
  6577 | D:5      | Reached skill level 11 in Bows
  6638 | D:5      | Reached XP level 8. HP: 65/69 MP: 8/8
  6735 | D:5      | Identified 2 potions of resistance
  7362 | D:6      | Reached skill level 6 in Fighting
  7491 | D:6      | Got a spiked helmet
  7497 | D:6      | Identified the +1 helmet of the Eight People {*Corrode
                  | rN+++ MR+ Str+4} (You found it on level 6 of the Dungeon)
  7693 | D:6      | Reached skill level 12 in Bows
  8690 | D:7      | Found a runed translucent door.
  8694 | D:7      | Noticed a hippogriff
  8819 | D:6      | Killed a hippogriff
  8819 | D:6      | Reached skill level 13 in Bows
  8975 | D:7      | Reached skill level 7 in Fighting
  8975 | D:7      | Reached XP level 9. HP: 60/79 MP: 9/9
  9210 | D:7      | Reached *** piety under Dithmenos
  9310 | D:7      | Found a staircase to the Ecumenical Temple.
  9530 | D:7      | Found a blossoming altar of Fedhas.
  9799 | D:7      | Noticed Pikel
  9823 | D:7      | Reached skill level 14 in Bows
  9870 | D:7      | Killed Pikel
  9870 | D:7      | Reached skill level 8 in Fighting
 10340 | D:7      | Reached skill level 9 in Fighting
 10427 | D:7      | Reached **** piety under Dithmenos
 10591 | D:7      | Reached skill level 1 in Short Blades
 10639 | D:7      | Found a roughly hewn altar of Beogh.
 10718 | D:8      | Reached skill level 2 in Short Blades
 10801 | D:8      | Reached skill level 3 in Short Blades
 10824 | D:8      | Reached XP level 10. HP: 47/91 MP: 10/10
 11027 | D:8      | Noticed Harold
 11179 | D:9      | Reached skill level 4 in Short Blades
 11182 | D:9      | Reached skill level 1 in Armour
 11647 | D:9      | Noticed a deep elf mage
 11673 | D:9      | Killed a deep elf mage
 11673 | D:9      | Reached skill level 5 in Short Blades
 11693 | D:9      | Reached ***** piety under Dithmenos
 11896 | D:9      | Reached skill level 2 in Armour
 11954 | D:9      | Found a bloodstained altar of Trog.
 12362 | D:10     | Entered Level 10 of the Dungeon
 12375 | D:9      | Reached skill level 10 in Fighting
 12735 | D:10     | Reached skill level 6 in Short Blades
 13151 | D:10     | Reached skill level 3 in Armour
 13955 | D:10     | Noticed a two-headed ogre
 13975 | D:10     | Killed a two-headed ogre
 13975 | D:10     | Reached skill level 7 in Short Blades
 13975 | D:10     | Reached XP level 11. HP: 101/101 MP: 11/11
 14328 | D:10     | Found a staircase to the Orcish Mines.
 14598 | D:11     | Got a sparkling ruby amulet
 14600 | D:11     | Identified the amulet "Alij" {RegenMP Str+6 Int+3} (You
                  | found it on level 11 of the Dungeon)
 14790 | D:11     | Found a portal to a secret trove of treasure.
 14870 | D:11     | Noticed Psyche
 14875 | D:11     | Killed Psyche
 15185 | D:11     | Found a shadowy altar of Dithmenos.
 15352 | D:11     | You fall into a shaft and drop 2 floors!
 15358 | D:13     | Noticed a tengu warrior
 15373 | D:13     | Killed a tengu warrior
 15756 | D:13     | Reached skill level 8 in Short Blades
 16057 | D:13     | Reached skill level 11 in Fighting
 17328 | D:8      | Reached skill level 15 in Bows
 17328 | D:8      | Noticed a two-headed ogre
 17346 | D:8      | Killed a two-headed ogre
 17365 | D:8      | Found a staircase to the Lair.
 17658 | D:8      | Killed Harold
 17948 | Lair:1   | Entered Level 1 of the Lair of Beasts
 18247 | D:8      | Reached XP level 12. HP: 98/110 MP: 12/12
 18511 | Lair:1   | Noticed Grum
 18529 | Lair:1   | Killed Grum
 18713 | Lair:1   | Reached skill level 9 in Short Blades
 19650 | Lair:2   | Reached skill level 16 in Bows
 19710 | Lair:2   | Found a dark tunnel.
 19785 | Lair:2   | Got a twisted scale mail
 19796 | Lair:2   | Identified the +4 scale mail of Satisfaction {rN++} (You
                  | found it on level 2 of the Lair of Beasts)
 20042 | Lair:2   | Noticed a death yak
 20042 | Lair:2   | Noticed a death yak
 20081 | Lair:2   | Killed a death yak
 20088 | Lair:2   | Noticed a death yak
 20108 | Lair:2   | Killed a death yak
 20113 | Lair:2   | Noticed a death yak
 20114 | Lair:2   | Noticed a death yak
 20158 | Lair:2   | Killed a death yak
 20198 | Lair:2   | Killed a death yak
 20265 | Lair:2   | Killed a death yak
 20265 | Lair:2   | Reached skill level 12 in Fighting
 20498 | Lair:2   | Noticed a five-headed hydra
 20546 | Lair:2   | Killed a five-headed hydra
 20835 | Lair:2   | Reached skill level 17 in Bows
 21151 | Lair:2   | Found a staircase to the Swamp.
 21472 | Lair:3   | Found a frozen archway.
 21492 | IceCv    | Entered an ice cave
 21561 | IceCv    | Reached skill level 10 in Short Blades
 22070 | IceCv    | Noticed an ice dragon
 22076 | IceCv    | Killed an ice dragon
 22076 | IceCv    | Reached XP level 13. HP: 119/119 MP: 13/13
 22588 | Lair:3   | Noticed Gastronok
 22616 | Lair:3   | Killed Gastronok
 22731 | Lair:3   | Reached skill level 18 in Bows
 24233 | Lair:4   | Reached skill level 13 in Fighting
 24710 | Lair:4   | Identified the Papyrus of Floating Stones
 24919 | Lair:4   | Found a hole to the Spider Nest.
 25179 | Lair:4   | Reached skill level 19 in Bows
 25505 | Lair:5   | Found a gate leading to a gauntlet.
 25514 | Gauntlet | Entered a Gauntlet
 25514 | Gauntlet | Found a transporter.
 25514 | Gauntlet | Found a large runed translucent door.
 25514 | Gauntlet | Found a large runed translucent door.
 25514 | Gauntlet | Found a large runed translucent door.
 25514 | Gauntlet | Found a large runed translucent door.
 25514 | Gauntlet | Found a runed translucent door.
 25514 | Gauntlet | Found a runed translucent door.
 25514 | Gauntlet | Found a large runed translucent door.
 25514 | Gauntlet | Found a large runed translucent door.
 25514 | Gauntlet | Found a large runed translucent door.
 25514 | Gauntlet | Found a large runed translucent door.
 25514 | Gauntlet | Found a large runed translucent door.
 25514 | Gauntlet | Found a large runed translucent door.
 25515 | Gauntlet | Found a large runed translucent door.
 25515 | Gauntlet | Found a large runed translucent door.
 25516 | Gauntlet | Found a large runed translucent door.
 25516 | Gauntlet | Found a large runed translucent door.
 25516 | Gauntlet | Found a large runed translucent door.
 25516 | Gauntlet | Found a large runed translucent door.
 25529 | Gauntlet | Found a transporter.
 25559 | Gauntlet | Found a transporter.
 25584 | Gauntlet | Found a runed translucent gate.
 25584 | Gauntlet | Found a runed translucent gate.
 25584 | Gauntlet | Found a runed translucent gate.
 25586 | Gauntlet | Found a transporter.
 25588 | Gauntlet | Found a transporter.
 25590 | Gauntlet | Found a transporter.
 25627 | Gauntlet | Found a transporter.
 25629 | Gauntlet | Found a transporter.
 25830 | Gauntlet | Found a transporter.
 25838 | Gauntlet | Found a transporter.
 25857 | Gauntlet | Found a transporter.
 25880 | Gauntlet | Found a transporter.
 25892 | Gauntlet | Found a transporter.
 25906 | Gauntlet | Found a transporter.
 25918 | Gauntlet | Found a transporter.
 25930 | Gauntlet | Found a transporter.
 25950 | Gauntlet | Found a transporter.
 25966 | Gauntlet | Found a transporter.
 26485 | Gauntlet | Got an ichor-stained great mace
 26517 | Gauntlet | Reached skill level 11 in Short Blades
 26520 | Gauntlet | HP: 12/122 [harpy simulacrum (8)]
 26525 | Gauntlet | HP: 8/122 [centaur warrior simulacrum (4)]
 26525 | Gauntlet | Slain by a centaur warrior simulacrum

Vanquished Creatures
  Gastronok (Lair:3)
  4 hydras
  Harold (D:8)
  2 ice dragons (IceCv)
  2 two-headed ogres
  6 death yaks
  A tengu warrior (D:13)
  Pikel (D:7)
  2 manticores
  A deep elf mage (D:9)
  A moth of wrath (Gauntlet)
  3 black mambas (Lair:4)
  Psyche (D:11)
  2 gargoyles
  2 ice statues (IceCv)
  8 spiny frogs
  4 rime drakes
  4 komodo dragons
  A tyrant leech (Lair:2)
  A wolf spider simulacrum (Gauntlet)
  A raiju (Gauntlet)
  4 hippogriffs
  11 blink frogs
  A spriggan (D:7)
  4 redbacks (Lair:4)
  25 yaks
  5 wyverns
  A steam dragon (Gauntlet)
  A basilisk (Lair:5)
  Grum (Lair:1)
  A swamp worm (Lair:2)
  10 water moccasins
  10 porcupines
  5 orc warriors
  A hornet zombie (D:10)
  18 ice beasts
  A black bear (Lair:4)
  A phantom (D:6)
  21 wolves
  5 ogres
  9 centaurs
  9 crocodiles
  2 big kobolds (D:10)
  10 bullfrogs
  A gnoll sergeant (D:8)
  A water moccasin zombie (D:7)
  3 killer bees (D:9)
  5 wights (D:10)
  An electric eel (Lair:4)
  4 crimson imps
  3 bullfrog zombies
  2 quasits
  2 centaur zombies
  3 jellies
  9 orc priests
  A bullfrog skeleton (D:11)
  7 hounds
  6 iguanas
  20 orc wizards
  9 worker ants
  2 hound zombies
  A howler monkey zombie (D:11)
  A worker ant zombie (D:10)
  3 gnolls (D:8)
  11 adders
  An adder skeleton (D:4)
  2 adder zombies
  3 worms (D:2)
  3 dart slugs (D:1)
  6 leopard geckos
  78 orcs
  A ball python (D:3)
  10 bats
  8 giant cockroaches
  11 goblins
  10 hobgoblins
  13 jackals
  3 quokkas
  6 frilled lizards
  16 kobolds
  A quokka zombie (D:8)
  8 rats
  A plant (D:8)
481 creatures vanquished.

Vanquished Creatures (others)
  6 fungi
  2 plants
  14 withered plants (Gauntlet)
22 creatures vanquished.

Grand Total: 503 creatures vanquished

Table legend:
 A = Turns spent in this place as a percentage of turns spent in the entire game.
 B = Non-inter-level travel turns spent in this place as a percentage of non-inter-level travel turns spent in the entire game.
 C = Inter-level travel turns spent in this place as a percentage of turns spent in this place.
 D = Turns resting spent in this place as a percentage of non-inter-level travel turns spent in this place.
 E = Turns spent auto-exploring this place as a percentage of non-inter-level travel turns spent in this place.
 F = Non-inter-level travel turns spent in this place divided by the number of levels of this place that you've seen.
                   A       B       C       D       E      F
               +-------+-------+-------+-------+-------+----------------------
         Total | 100.0 | 100.0 |   2.0 |  19.1 |  42.7 | 1299.2
       Dungeon |  68.8 |  68.8 |   2.1 |  24.3 |  37.5 | 1374.9
          Lair |  23.6 |  23.5 |   2.5 |   3.9 |  66.0 | 1221.2
      Ice Cave |   3.7 |   3.8 |   0.0 |  21.0 |  25.3 | 994.0
      Gauntlet |   3.8 |   3.9 |   0.0 |  17.2 |  12.7 | 1011.0
               +-------+-------+-------+-------+-------+----------------------

Table legend:
 A = Non-vault XP
 B = Vault XP
 C = Vault XP percentage of total XP
 D = Non-vault monster count
 E = Vault monster count
 F = Vault count percentage of total count
                 A         B        C        D         E       F
            +---------+---------+-------+---------+---------+-------
      Total |   36970 |   21269 |  36.5 |     375 |     105 |  21.9
            +---------+---------+-------+---------+---------+-------
        D:1 |      52 |       0 |   0.0 |      25 |       0 |   0.0
        D:2 |     115 |       0 |   0.0 |      36 |       0 |   0.0
        D:3 |     131 |       0 |   0.0 |      22 |       0 |   0.0
        D:4 |     717 |       0 |   0.0 |      24 |       0 |   0.0
        D:5 |     365 |     125 |  25.5 |      20 |       1 |   4.8
        D:6 |    1194 |       0 |   0.0 |      25 |       0 |   0.0
        D:7 |    1014 |    1133 |  52.8 |      27 |      27 |  50.0
        D:8 |    2141 |    1578 |  42.4 |      28 |       6 |  17.6
        D:9 |    2399 |     963 |  28.6 |      22 |       4 |  15.4
       D:10 |    2686 |       0 |   0.0 |      38 |       0 |   0.0
       D:11 |    1247 |     418 |  25.1 |      22 |       1 |   4.3
       D:12 |     985 |       0 |   0.0 |       4 |       0 |   0.0
       D:13 |    3908 |       0 |   0.0 |      16 |       0 |   0.0
     Lair:1 |    2663 |     643 |  19.4 |      12 |       5 |  29.4
     Lair:2 |    7240 |    1253 |  14.8 |      14 |      11 |  44.0
     Lair:3 |    2153 |    6243 |  74.4 |      13 |      11 |  45.8
     Lair:4 |    6946 |    1574 |  18.5 |      21 |       9 |  30.0
     Lair:5 |    1014 |       0 |   0.0 |       6 |       0 |   0.0
      IceCv |       0 |    5473 | 100.0 |       0 |      20 | 100.0
   Gauntlet |       0 |    1866 | 100.0 |       0 |      10 | 100.0
            +---------+---------+-------+---------+---------+-------
